 Dungeon Crawl Stone Soup version 0.17-a0-737-gf0a300a (webtiles) character file.

474 Ngotmuk the Shield-Bearer (level 6, -8/58 HPs)
             Began as a Deep Dwarf Fighter on Apr 27, 2015.
             Mangled by an ogre
             ... wielding a +0 giant spiked club
              (15 damage)
             ... on level 4 of the Dungeon.
             The game lasted 00:06:23 (1870 turns).

Ngotmuk the Shield-Bearer (Deep Dwarf Fighter)      Turns: 1870, Time: 00:06:23

Health: -8/58      AC: 12    Str: 21    XL:     6   Next: 84%
Magic:  6/6        EV:  5    Int:  9    God:
Gold:   180        SH: 10    Dex: 12    Spells: 0 memorised, 5 levels left

rFire  . . .     SeeInvis .     a - +0 war axe
rCold  . . .     Clarity  .     B - +0 chain mail
rNeg   . . .     SustAb   .     c - +0 shield
rPois  .         Gourm    .     (no helmet)
rElec  .         Spirit   .     (no cloak)
rCorr  .         Warding  .     D - +0 pair of gloves
rMut   .         Stasis   .     E - +0 pair of boots
MR     +....                    x - amulet of faith
Stlth  ..........               y - ring of protection from magic
                                s - ring of stealth

@: non-regenerating, somewhat resistant to hostile enchantments, extremely
unstealthy
A: damage resistance, recharge devices, sense surroundings 1, slow healing 3
a: Device Recharging


You were on level 4 of the Dungeon.
You were not hungry.

You visited 1 branch of the dungeon, and saw 4 of its levels.

You collected 180 gold pieces.

Inventory:

Hand weapons
 a - a +0 war axe (weapon)
Armour
 c - a +0 shield (worn)
 B - a +0 chain mail (worn)
 D - a +0 pair of gloves (worn)
 E - a +0 pair of boots (worn)
Jewellery
 b - a cursed ring of loudness {unknown}
 s - a ring of stealth (left hand)
 x - an amulet of faith (around neck)
 y - a ring of protection from magic (right hand)
Magical devices
 e - a wand of heal wounds (3)
 z - a wand of invisibility (0)
Scrolls
 g - 2 scrolls of magic mapping {unknown}
 h - 2 scrolls of fear {unknown}
 i - 3 scrolls of enchant weapon {unknown}
 k - 2 scrolls of immolation {unknown}
 m - 2 scrolls of teleportation {unknown}
 n - a scroll of blinking {unknown}
 q - a scroll of noise {unknown}
 t - 2 scrolls of fog {unknown}
 u - 3 scrolls of identify {unknown}
 v - a scroll of remove curse {unknown}
 w - 2 scrolls of amnesia {unknown}
Potions
 d - a potion of might
 j - a potion of cure mutation {unknown}
 l - a potion of resistance {unknown}
 p - a potion of cancellation {unknown}
 r - 2 potions of agility {unknown}
 A - 2 potions of mutation {unknown}
Comestibles
 f - 4 bread rations
 o - 3 meat rations
 C - 2 fruits


   Skills:
 + Level 4.3 Fighting
 + Level 4.3 Axes
 + Level 4.9 Armour
 + Level 5.2 Shields


You had 5 spell levels left.
You didn't know any spells.

Dungeon Overview and Level Annotations

Branches:
Dungeon (4/15)
 Temple: D:4-7

Altars:


Innate Abilities, Weirdness & Mutations

You are resistant to damage.
You can recharge devices by infusing magical energy.
You passively map a small area around you.
You do not heal naturally.


Message History

The jackal barks!
The jackal moves out of view.
You are no longer poisoned.
You see here a shield.
You see here 11 gold pieces.
A jackal is nearby!
The jackal bites you but does no damage.
You block the jackal's attack.
You hit the jackal but do no damage.
The jackal bites you but does no damage.
You hit the jackal but do no damage. The jackal barely misses you.
You block the jackal's attack.
Your chain mail prevents you from hitting the jackal.
You block the jackal's attack. The jackal barely misses you.
An ogre comes into view. It is wielding a giant spiked club.
The ogre shouts!
You slash the jackal!
You kill the jackal!
The ogre hits you with a giant spiked club!
You die...

#... , *#.## , #.., , #...# ,
#.. , #...# , , * #.# **
#.#.# #.# #.#.# , #####.#
#.#(# , , ,. ##.!...# #.#.#
... #.....$# #.#)##
....#.O@.[.# #.....
............# #..†.. .... *
##..#......# ##..... ..#.#
*,... #......# ##......
.(#.##, ..#
#.....#######....... ##.....
##.###.####.>.(......##.#
.....####...##.#
#.........###.#
......##.....#.####.........#
#.#
.......................(...##
#.#


You could see an ogre.

Vanquished Creatures
  The ghost of inmateoo the Insei, an average DgTm (D:4)
  A scorpion (D:4)
  An orc priest (D:4)
  A hound (D:4)
  An orc wizard (D:4)
  A giant frog skeleton (D:4)
  A worker ant (D:4)
  2 hound skeletons (D:4)
  3 adders
  An ooze (D:1)
  3 worms
  6 giant geckos
  7 orcs
  10 bats
  4 giant cockroaches
  6 goblins (D:1)
  5 hobgoblins
  11 jackals
  8 kobolds
  2 quokkas
  A ball python (D:1)
  7 giant newts
  6 rats
89 creatures vanquished.

Notes
Turn   | Place    | Note
--------------------------------------------------------------
     0 | D:1      | Ngotmuk, the Deep Dwarf Fighter, began the quest for the Orb.
     0 | D:1      | Reached XP level 1. HP: 20/20 MP: 1/1
   110 | D:1      | Reached XP level 2. HP: 24/27 MP: 2/2
   389 | D:1      | Reached XP level 3. HP: 23/33 MP: 3/3
   929 | D:3      | Reached skill level 4 in Shields
   929 | D:3      | Reached XP level 4. HP: 14/42 MP: 4/4
  1527 | D:4      | Noticed inmateoo's ghost (average DgTm)
  1566 | D:4      | Killed inmateoo's ghost
  1566 | D:4      | Reached XP level 5. HP: 17/50 MP: 5/5
  1579 | D:4      | Reached XP level 6. HP: 18/57 MP: 6/6
  1704 | D:4      | HP: 2/57 [orc priest/divine providence (10)]
  1707 | D:4      | Reached skill level 5 in Shields
  1869 | D:4      | Noticed an ogre
  1870 | D:4      | Mangled by an ogre

Action                   |  1- 3 |  4- 6 || total
-------------------------+-------+-------++-------
Melee: War axe           |   106 |   179 ||   285
Evoke: Wand              |       |     3 ||     3
 Stab: Sleeping          |     1 |       ||     1
       Invisible         |       |     1 ||     1
  Eat: Meat ration       |       |     1 ||     1
       Beef jerky        |       |     1 ||     1
